 Dungeon Crawl Stone Soup version 0.30-b1-2-g02819fbbbe (webtiles) character file.

Game seed: 3963408009168796917

3 Anothat the Trooper (level 1, 0/19 HPs)
             Began as a Ghoul Monk on May 7, 2023.
             Slain by a gnoll
             ... wielding a +0 spear
              (7 damage)
             ... on level 1 of the Dungeon.
             The game lasted 00:00:06 (31 turns).

Anothat the Trooper (Ghoul Monk)                      Turns: 31, Time: 00:00:07

Health: 0/19       AC:  2    Str: 14    XL:     1   Next: 50%
Magic:  0/0        EV: 12    Int:  5    God:
Gold:   0          SH:  0    Dex: 11    Spells: 0/0 levels left

rFire   . .          .
                       - Unarmed
rCold   + . .        c - orb {light}
rNeg    + + +        a - +0 robe
rPois   ∞            (no helmet)
rElec   .            (no cloak)
rCorr   .            (no gloves)
SInv    .            (no boots)
Will    .....        (no amulet)
Stlth   +            (no ring)
HPRegen 0.00/turn    (no ring)
MPRegen 0.07/turn

%: no passive effects
@: inhibited regen, glowing
A: claws 1, cold resistance 1, negative energy resistance 3, inhibited
regeneration, torment resistance 2, devour on kill
a: no special abilities


You were on level 1 of the Dungeon.
You visited 1 branch of the dungeon, and saw 1 of its levels.

Inventory:

Armour
 a - a +0 robe (worn)
 c - an orb of light (worn)
Potions
 b - a potion of ambrosia


   Skills:
 + Level 3.3 Fighting
 + Level 2.7 Dodging
 + Level 3.3 Unarmed Combat


You couldn't memorise any spells.
You didn't know any spells.
Your spell library was empty.

Dungeon Overview and Level Annotations

Branches:
Dungeon (1/15)

Altars:


Innate Abilities, Weirdness & Mutations

You are immune to poison.
You have sharp fingernails.
Your flesh is cold resistant. (rC+)
You are immune to negative energy. (rN+++)
You do not regenerate when monsters are visible.
You are immune to unholy pain and torment.
You thrive by killing the living.


Message History

You kill the rat!
You barely miss the ball python. The ball python bites you.
The ball python grabs you. The ball python constricts you.
You scratch the ball python.
You kill the ball python!
You feel better.
You scratch the quokka but do no damage.
A bat comes into view.
The quokka bites you.
A goblin comes into view. It is wielding a +0 club.
You scratch the quokka.
The quokka is lightly wounded.
The quokka misses you. The gnoll barely misses you.
You scratch the quokka.
You kill the quokka!
The gnoll hits you from afar with a +0 spear.
A giant cockroach comes into view.
You scratch the giant cockroach but do no damage.
The gnoll hits you from afar with a +0 spear.
The giant cockroach barely misses you.
You are too injured to fight recklessly!
You are too injured to fight recklessly!
You are too injured to fight recklessly!
You are too injured to fight recklessly!
You are too injured to fight recklessly!
You are too injured to fight recklessly!
You are too injured to fight recklessly!
You are too injured to fight recklessly!
You are too injured to fight recklessly!
You are too injured to fight recklessly!
You are too injured to fight recklessly!
You are too injured to fight recklessly!
You are too injured to fight recklessly!
You are too injured to fight recklessly!
You scratch the giant cockroach but do no damage.
The gnoll closely misses you. The giant cockroach closely misses you.
You scratch the giant cockroach but do no damage.
The giant cockroach barely misses you.
The gnoll hits you from afar with a +0 spear!
You die...

# #.##.~PP≈~#
#.##.##.~~PP≈#
#.....#..~PP≈#
#####.#..~~~~#
#########.#)..≈≈≈#
.........#♣...~≈#
##..###..# ...~≈#
#...#(#..#
##@##..# #B#....#
#g##..#.#
#g#........
#.##..###.###
.r#...# .# !.b#...
.# #!. #... .. ##
.## ##


You could see a gnoll, a giant cockroach, a goblin, a bat and a rat.

Vanquished Creatures
  A ball python (D:1)
  A quokka (D:1)
  A rat (D:1)
3 creatures vanquished.

Notes
Turn   | Place    | Note
-------+----------+-------------------------------------------
     0 | D:1      | Anothat the Ghoul Monk began the quest for the Orb.
     0 | D:1      | Reached XP level 1. HP: 19/19 MP: 0/0
    31 | D:1      | Slain by a gnoll

Illustrated notes

Levels and vault maps discovered:
D:1:      tarquinn_simple_flora_water_c, layout_loops_ring, minmay_vboxes

Action                     || total
---------------------------++-------
  Melee: Unarmed           ||     9
  Dodge: Dodged            ||     7
